 Dungeon Crawl Stone Soup version 0.29-a0-352-g0917bc69df (webtiles) character file.

Game seed: 17459877908923588892

207 kevlar127 the Ruffian (level 5, -2/53 HPs)
             Began as a Troll Berserker on Apr 23, 2022.
             Was a Believer of Trog.
             Slain by a hobgoblin (6 damage)
             ... led by Robin
             ... on level 3 of the Dungeon.
             The game lasted 00:04:49 (1764 turns).

kevlar127 the Ruffian (Troll Berserker)             Turns: 1764, Time: 00:04:50

Health: -2/53      AC:  4    Str: 27    XL:     5   Next: 54%
Magic:  4/4        EV: 10    Int:  3    God:    Trog [**....]
Gold:   164        SH:  0    Dex:  9    Spells: 4/4 levels left

rFire   . . .      SeeInvis .     - Unarmed
rCold   . . .      Faith    .   (no shield)
rNeg    + . .      Spirit   .   a - +0 animal skin
rPois   .          Reflect  .   (helmet restricted)
rElec   .          Harm     .   (no cloak)
rCorr   .          Rampage  .   (gloves unavailable)
Will    .....                   (boots unavailable)
Stlth   +.........              (no amulet)
HPRegen 0.97/turn               k - ring of positive energy
MPRegen 0.09/turn               (no ring)

@: no status effects
A: large, unfitting armour, claws 3, regeneration 1, shaggy fur 1, tough skin 1
a: Renounce Religion, Berserk, Trog's Hand


You were on level 3 of the Dungeon.
You worshipped Trog.
Trog was pleased with you.
You visited 1 branch of the dungeon, and saw 3 of its levels.

You collected 164 gold pieces.

Inventory:

Missiles
 i - 138 stones (quivered)
Armour
 a - a +0 animal skin (worn)
Jewellery
 k - a ring of positive energy (left claw)
 n - a ring of flight
Scrolls
 c - 3 scrolls of identify {unknown}
 f - 2 scrolls of summoning {unknown}
 g - a scroll of fog {unknown}
 j - 3 scrolls of teleportation {unknown}
 l - 3 scrolls of immolation {unknown}
 m - a scroll of enchant weapon {unknown}
Potions
 b - 2 potions of invisibility {unknown}
 d - a potion of degeneration {unknown}
 e - a potion of berserk rage {unknown}
 h - 2 potions of lignification {unknown}
 o - a potion of curing {unknown}


   Skills:
 + Level 3.5 Fighting
 + Level 3.6 Dodging
 + Level 4.4 Unarmed Combat


You had 4 spell levels left.
You didn't know any spells.
Your spell library was empty.

Dungeon Overview and Level Annotations

Branches:
Dungeon (3/15)

Altars:

Shops:
D:1 [

Annotations:
D:3 Robin


Innate Abilities, Weirdness & Mutations

You are too large for most types of armour.
You have claws for hands.
Your natural rate of healing is unusually fast.
You are covered in fur. (AC +1)
You have tough skin. (AC +1)


Message History

The goblin hits you with a +0 dagger.
You scratch the hobgoblin but do no damage.
The goblin hits you but does no damage. The hobgoblin hits you.
You scratch the hobgoblin.
You kill the hobgoblin!
Trog accepts your kill.
Your skin stops crawling.
You feel less strong-willed. The goblin barely misses you.
Robin says, "Bow before me, strongest of all the hobgoblins!"
The goblin attacks as you move away! The goblin barely misses you.
Robin attacks as you move away! Robin hits you with a +7 club.
* * * LOW HITPOINT WARNING * * *
Robin throws the goblin at you! The goblin hits you but does no damage.
You closely miss the goblin. The goblin hits you but does no damage.
You scratch the goblin.
You kill the goblin!
Trog accepts your kill. Robin closely misses you.
Things that are here:
a +0 dagger; a sedimented orange potion; a goblin corpse You claw Robin!
Robin is severely wounded.
Robin hits you with a +7 club!
* * * LOW HITPOINT WARNING * * *
The hobgoblin barely misses you.
You barely miss Robin.
Robin is severely wounded.
Robin hits you with a +7 club.
* * * LOW HITPOINT WARNING * * *
The hobgoblin hits you.
* * * LOW HITPOINT WARNING * * *
Okay, then.
The hobgoblin attacks as you move away!
The hobgoblin hits you but does no damage.
Robin roars a battlecry!
The hobgoblin goes into a battle-frenzy!
The hobgoblin hits you.
* * * LOW HITPOINT WARNING * * *
The hobgoblin attacks as you move away! The hobgoblin hits you.
You die...

#####.##..######.##.#...÷.÷....
#........#######)##.#.###.####.
....###.#### #.....)..#.#
#...##. # #.# #.####.#.#.#
#....#. #.## #.#
#.#.#.###....#. ...###..#####.#
#.#.#..##......
#>.........[.####.#.#..#######.
######.####....##.).#...### #.
.##...##.#
##.#@g....#.....####.
.......#.# #.###g...#..........
...).....# #.# #....###########
.....>...# #.# #.....### .
.........### #.# ####....##..
...........###.# #........
.#....###..##..### #........
###.### #........####).......
#.# #...####.##.))####...


You could see Robin and a hobgoblin (strong).

Vanquished Creatures
  A jelly (D:3)
  An orc priest (D:3)
  Jessica (D:3)
  3 adders
  4 worms
  A dart slug (D:3)
  5 orcs (D:3)
  A ball python (D:3)
  7 endoplasms
  A giant cockroach (D:1)
  13 goblins
  10 hobgoblins
  5 jackals
  3 quokkas
  3 bats
  2 frilled lizards
  3 kobolds
  5 rats
69 creatures vanquished.

Notes
Turn   | Place    | Note
-------+----------+-------------------------------------------
     0 | D:1      | kevlar127 the Troll Berserker began the quest for the Orb.
     0 | D:1      | Reached XP level 1. HP: 22/22 MP: 0/0
     8 | D:1      | Found Ompaywn's Antique Armour Boutique.
   237 | D:1      | Reached XP level 2. HP: 24/29 MP: 1/1
   372 | D:1      | Found a faded altar of an unknown god.
   952 | D:2      | Reached XP level 3. HP: 33/36 MP: 2/2
  1387 | D:3      | Reached XP level 4. HP: 44/45 MP: 3/3
  1426 | D:3      | Reached skill level 4 in Unarmed Combat
  1477 | D:3      | Reached ** piety under Trog
  1493 | D:3      | Reached XP level 5. HP: 35/53 MP: 4/4
  1628 | D:3      | Noticed Jessica
  1631 | D:3      | Killed Jessica
  1718 | D:3      | Noticed Robin
  1759 | D:3      | HP: 2/53 [hobgoblin[Robin] (4)]
  1764 | D:3      | Slain by a hobgoblin

Illustrated notes

Levels and vault maps discovered:
D:1:      scummos_arrival_forest, layout_loops_cross, serial_shops, shop,
          dreamdust_ecumenical_altar_angels_and_demons,
          nicolae_concentric_dashed_squares_mild
D:2:      layout_basic
D:3:      minmay_recursive_quarters, layout_rooms, uniq_jessica, uniq_robin,
          uniq_natasha

Skill      XL: |  1  2  3  4 |
---------------+-------------+-----
Fighting       | 3 |  3.5
Dodging        | 3 |  3.6
Unarmed Combat | 4 |  4.4

Action                   |  1- 3 |  4- 6 || total
-------------------------+-------+-------++-------
Melee: Unarmed           |    95 |    90 ||   185
       Punch             |     1 |     1 ||     2
Invok: Trog's Hand       |       |     1 ||     1
 Stab: Sleeping          |       |     1 ||     1
Armor: Animal skin       |    53 |    34 ||    87
Dodge: Dodged            |    57 |    73 ||   130

Table legend: (Time is in decaauts)
 A = Elapsed time spent in this place.
 B = Non-inter-level travel time spent in this place.
 C = Inter-level travel time spent in this place.
 D = Time resting spent in this place.
 E = Time spent auto-exploring this place.
 F = Levels seen in this place.
 G = Mean time per level.
                   A        B        C        D        E       F      G
               +--------+--------+--------+--------+--------+-----+--------+
         Total |   1750 |   1704 |     46 |     18 |   1304 |   3 |  583.3 |
       Dungeon |   1750 |   1704 |     46 |     18 |   1304 |   3 |  583.3 |
               +--------+--------+--------+--------+--------+-----+--------+

Top non-repeatable levels by time:
     D:1: 738 daAuts
     D:2: 567 daAuts
     D:3: 443 daAuts
